 Dungeon Crawl Stone Soup version 0.28-a0-503-g83f2989fac (webtiles) character file.

Game seed: 10054602421594442583

74 siradein the Skirmisher (level 4, -6/41 HPs)
             Began as a Hill Orc Fighter on Sept 20, 2021.
             Mangled by Sigmund (12 damage)
             ... on level 3 of the Dungeon.
             The game lasted 00:06:29 (2235 turns).

siradein the Skirmisher (Hill Orc Fighter)          Turns: 2235, Time: 00:06:30

Health: -6/41      AC:  9    Str: 19    XL:     4   Next: 30%
Magic:  4/4        EV:  7    Int:  8    God:
Gold:   46         SH:  0    Dex: 10    Spells: 3/3 levels left

rFire   . . .      SeeInvis .   a - +0 war axe
rCold   . . .      Faith    .   c - +0 buckler
rNeg    . . .      Spirit   .   k - +0 chain mail
rPois   .          Reflect  .   (no helmet)
rElec   .          Harm     .   (no cloak)
rCorr   .          Rampage  .   (no gloves)
Will    .....                   (no boots)
Stlth   ..........              g - amulet of the acrobat
HPRegen 0.13/turn               (no ring)
MPRegen 0.09/turn               (no ring)

@: confused
A: no striking features
a: no special abilities


You were on level 3 of the Dungeon.
You visited 1 branch of the dungeon, and saw 3 of its levels.

You collected 46 gold pieces.

Inventory:

Hand Weapons
 a - a +0 war axe (weapon)
Armour
 c - a +0 buckler (worn)
 k - a +0 chain mail (worn)
Jewellery
 g - an amulet of the acrobat (around neck)
Scrolls
 e - a scroll of identify {unknown}
 h - a scroll of vulnerability {unknown}
 i - a scroll of blinking {unknown}
 l - a scroll of brand weapon {unknown}
Potions
 b - a potion of invisibility {unknown}
 d - a potion of might
 f - a potion of brilliance {unknown}
 j - a potion of curing {unknown}


   Skills:
 + Level 4.3 Fighting
 + Level 3.6 Axes
 + Level 0.2 Bows
 + Level 3.9 Armour
 + Level 3.9 Shields


You had 3 spell levels left.
You didn't know any spells.
Your spell library contained the following spells:

 Spells                   Type           Power      Damage    Failure   Level
 Stone Arrow              Conj/Erth      0%         3d7       100%        3
 Animate Armour           Summ/Erth      0%         N/A       100%        4
 Lehudib's Crystal Spear  Conj/Erth      0%         10d2      100%        8


Dungeon Overview and Level Annotations

Branches:
Dungeon (3/15)

Altars:
Fedhas
Yredelemnul

Shops:
D:1 [   D:2 (

Annotations:
D:2 Purgy
D:3 Sigmund


Message History

Sigmund is nearby!
Sigmund is nearby!
Sigmund is nearby!
Sigmund is nearby!
Sigmund is nearby!
Sigmund points at you and mumbles some strange words.
You are confused.
You are too confused!
You are too confused!
You are too confused!
You are too confused!
You are too confused!
You are too confused!
You're too confused to move!
Sigmund barely misses you.
You're too confused to move!
Sigmund screams, "Don't try to resist!"
Sigmund hits you with a +1 vorpal scythe.
You're too confused to move!
You're too confused to move!
Sigmund hits you with a +1 vorpal scythe.
You bump into the rock wall.
Sigmund mumbles some strange words.
Sigmund flickers and vanishes!
Deactivating autopickup; reactivate with Ctrl-A.
You completely miss something.
You feel less confused. Something hits you!
* * * LOW HITPOINT WARNING * * *
You barely miss something. Something hits you but does no damage.
You closely miss something. Something hits you.
* * * LOW HITPOINT WARNING * * *
x2 You closely miss something.
You closely miss something.
You hear some strange, mumbled words.
A puff of flame appears from out of thin air!
You block the puff of flame.
You hear some strange, mumbled words.
You are confused.
You bump into the rock wall.
Something hits you!
You die...

#.....#
.##
#####.#
#.# #.#
#.# #.#
#.#
#####.#
#.{@..#
#.#####
#


There were no monsters in sight!

Vanquished Creatures
  2 adders
  3 adder zombies (D:3)
  A worm (D:2)
  3 orcs
  4 bats
  3 endoplasms
  2 giant cockroaches
  5 hobgoblins
  4 ball pythons
  3 frilled lizards
  A giant cockroach zombie (D:3)
  4 goblins
  2 kobolds
  6 rats
43 creatures vanquished.

Vanquished Creatures (others)
  A fungus (D:1)
1 creature vanquished.

Grand Total: 44 creatures vanquished

Notes
Turn   | Place    | Note
-------+----------+-------------------------------------------
     0 | D:1      | siradein the Hill Orc Fighter began the quest for the Orb.
     0 | D:1      | Reached XP level 1. HP: 19/19 MP: 1/1
   122 | D:1      | Found Ticuacar's Armour Emporium.
   127 | D:1      | Reached XP level 2. HP: 27/27 MP: 2/2
   482 | D:1      | Found a faded altar of an unknown god.
   754 | D:2      | Reached skill level 4 in Fighting
   839 | D:2      | Found a blossoming altar of Fedhas.
   852 | D:2      | Found Rethuts's Weapon Shop.
   869 | D:2      | Reached XP level 3. HP: 33/33 MP: 3/3
  1463 | D:3      | Noticed Purgy
  1547 | D:3      | Found a basalt altar of Yredelemnul.
  1576 | D:3      | Reached XP level 4. HP: 38/40 MP: 4/4
  2222 | D:3      | Noticed Sigmund
  2235 | D:3      | Mangled by Sigmund

Illustrated notes

Levels and vault maps discovered:
D:1:      amcnicky_arrival_choice, layout_basic, serial_shops, shop,
          shapermc_ecumenical_altar_mp_urbaneastern
D:2:      layout_loops_ring, basic_altar, serial_shops, shop
D:3:      layout_loops_ring, mainiacjoe_overflow_alcove_4,
          nicolae_yredelemnul_corpse_copse, uniq_robin, uniq_purgy, uniq_sigmund

Skill      XL: |  1  2 |
---------------+-------+-----
Axes           | 3 |  3.6
Fighting       | 4 |  4.3
Bows           | |  0.2
Armour         | |  3.9
Shields        | |  3.9

Action                   |  1- 3 |  4- 6 || total
-------------------------+-------+-------++-------
Melee: War axe           |    94 |    40 ||   134
Armor: Scale mail        |    39 |       ||    39
       Chain mail        |    18 |    59 ||    77
Dodge: Dodged            |    53 |    43 ||    96
Block: Buckler           |    22 |    28 ||    50

Table legend: (Time is in decaauts)
 A = Elapsed time spent in this place.
 B = Non-inter-level travel time spent in this place.
 C = Inter-level travel time spent in this place.
 D = Time resting spent in this place.
 E = Time spent auto-exploring this place.
 F = Levels seen in this place.
 G = Mean time per level.
                   A        B        C        D        E       F      G
               +--------+--------+--------+--------+--------+-----+--------+
         Total |   2284 |   2172 |    112 |    244 |   1401 |   3 |  761.3 |
       Dungeon |   2284 |   2172 |    112 |    244 |   1401 |   3 |  761.3 |
               +--------+--------+--------+--------+--------+-----+--------+

Top non-repeatable levels by time:
     D:2: 1039 daAuts
     D:1: 760 daAuts
     D:3: 483 daAuts
